AoeStats
← ]JorgeFarola

Arena

504078374Analyzed
1v1 RM · 1mo ago on Sep 3, 2026· 24m 59s· 2 players
Game mode
Random Map
Map size
Tiny (2 player)
Population
200
Speed
Normal
Resources
Standard
Victory
Conquest
Starting age
Dark Age
Ending age
Imperial Age
RankedLock teamsTeams togetherTeam positionsShared explorationLock speedFull tech treeHidden civsTurbo modeCheats
Victory
Defeat
🇦🇷 Cumans · Argentina
1134
+16
🇨🇴 Vietnamese · Colombia
1137
-16
]JorgeFarola
5:47 Loom
9:38 Feudal Age
11:20 Fletching
17:01 Padded Archer Armor
ROCKSFORD5
7:33 Loom
9:45 Feudal Age
11:14 Double-Bit Axe
14:05 Fletching
25:18 Castle Age
Connection lost

Rejoining the realm…

Still unreachable

The connection could not be restored.

Session expired

The server has moved on; the page needs a fresh start.